Cape Breton Oilers vs Espoo Blues
Created - Wednesday, May 31, 2023 at 09:33
Goals
|
| Cape Breton Oilers |
0 |
1 |
0 |
1 |
| Espoo Blues |
1 |
0 |
2 |
3 |
|
Shots
|
| Cape Breton Oilers |
2 |
7 |
10 |
19 |
| Espoo Blues |
10 |
12 |
6 |
28 |
|
1st period
1. Espoo Blues , Anton Blidh 5 (Patric Hornqvist 15) at 13:39
Penalties :
Jonah Gadjovich (CBO) for Hooking (Minor) at 1:16, Brendan Lemieux (ESP) for Roughing (Minor) at 11:29, Parker Kelly (CBO) for Tripping (Minor) at 14:25, Anton Blidh (ESP) for Roughing (Minor) at 16:47, Gavin Bayreuther (ESP) for High sticking (Minor) at 19:18
2nd period
2. Cape Breton Oilers , Alexandre Texier 11 (Marcus Pettersson 37) at 2:08 (PP)
Penalties :
Michael Stone (ESP) for Roughing (Minor) at 1:30, Philip Broberg (CBO) for Tripping (Minor) at 13:13
3rd period
3. Espoo Blues , Stefan Noesen 50 (Derick Brassard 65) at 4:12 (PP)
4. Espoo Blues , Fredrik Karlstrom 5 (Cam York 18, Patric Hornqvist 16) at 7:30
Penalties :
Parker Kelly (CBO) for Interference (Minor) at 3:59, Brendan Lemieux (ESP) for Fighting (Major) at 6:55, Leon Gawanke (CBO) for Fighting (Major) at 6:55, Jonah Gadjovich (CBO) for High sticking (Minor) at 9:10
Goalie Stats
Matthew Villalta (CBO), 25 saves from 28 shots - (0.893), L, 10-21-6, 60:00 minutes
Stuart Skinner (ESP), 18 saves from 19 shots - (0.947), W, 17-8-1, 60:00 minutes
Players Stats for Cape Breton Oilers
Player Name G A P +/- PIM S H SB GA TA FO MP PP MP PK MP
------------------------------------------------------------------------------------
Alexandre Texier 1 0 1 0 0 4 0 0 1 1 6/21 21:34 3:07 3:31
Alexey Toropchenko 0 0 0 0 0 0 2 0 0 1 0/1 21:39 3:28 3:47
Brandon Gignac 0 0 0 0 0 0 2 0 1 1 10/14 18:31 3:28 0:00
Carl Grundstrom 0 0 0 0 0 4 4 0 0 2 0/4 19:20 3:07 3:39
Dylan McIlrath 0 0 0 0 0 0 2 1 0 0 0/0 13:31 0:00 0:00
Hudson Fasching 0 0 0 -2 0 4 2 0 0 0 0/0 13:03 0:00 0:00
Jonah Gadjovich 0 0 0 0 4 0 4 1 0 1 0/0 18:35 3:28 0:00
Kevin Bahl 0 0 0 -1 0 0 1 0 0 3 0/0 25:53 3:31 4:38
Kody Clark 0 0 0 -2 0 2 3 0 0 0 2/7 13:58 0:00 0:00
Leon Gawanke 0 0 0 0 5 0 1 1 0 0 0/0 13:28 0:00 0:54
Luke Evangelista 0 0 0 0 0 0 0 0 0 0 0/0 4:09 0:00 0:00
Marcus Pettersson 0 1 1 -1 0 1 0 1 0 0 0/0 24:42 3:31 4:13
Max Jones 0 0 0 0 0 0 1 0 0 0 0/1 6:48 0:00 1:07
Noel Acciari 0 0 0 0 0 1 0 0 0 0 0/1 1:11 0:00 0:00
Parker Kelly 0 0 0 0 4 0 2 1 0 0 0/0 18:09 3:07 2:30
Philip Broberg 0 0 0 -1 2 3 2 0 0 0 0/0 20:52 3:04 2:37
Vladislav Kolyachonok 0 0 0 -1 0 0 0 0 0 1 0/0 21:52 3:04 3:56
Will Cuylle 0 0 0 -2 0 0 0 0 0 0 0/0 14:30 0:00 1:44
Players Stats for Espoo Blues
Player Name G A P +/- PIM S H SB GA TA FO MP PP MP PK MP
------------------------------------------------------------------------------------
Anton Blidh 1 0 1 2 2 2 2 0 0 0 1/2 13:17 0:20 0:00
Brendan Lemieux 0 0 0 0 7 1 0 0 0 0 0/0 15:05 2:46 0:00
Cam York 0 1 1 1 0 2 2 1 0 1 0/0 20:49 3:44 2:34
Chad Ruhwedel 0 0 0 1 0 0 1 1 0 0 0/0 20:39 3:44 2:34
Derek Grant 0 0 0 0 0 1 1 0 0 0 16/23 20:37 3:35 3:40
Derick Brassard 0 1 1 0 0 1 3 0 0 0 9/15 21:30 4:14 2:39
Fredrik Karlstrom 1 0 1 2 0 2 3 1 0 0 4/4 10:50 0:15 0:07
Gavin Bayreuther 0 0 0 0 2 0 1 1 0 1 0/0 12:46 0:00 0:00
Joe Snively 0 0 0 0 0 1 1 0 1 0 0/0 19:31 4:14 0:20
Logan O'Connor 0 0 0 0 0 1 2 0 2 0 0/0 20:11 0:20 3:43
Mattias Janmark 0 0 0 0 0 1 1 0 1 0 0/1 6:02 0:54 2:41
Mattias Samuelsson 0 0 0 1 0 3 2 0 2 0 0/0 26:23 4:25 4:01
Michael Stone 0 0 0 1 2 5 1 0 1 0 0/0 25:34 4:25 3:23
Patric Hornqvist 0 2 2 2 0 1 0 0 2 0 0/0 14:46 3:35 0:00
Ridly Greig 0 0 0 0 0 0 0 0 0 0 0/0 6:17 0:00 0:00
Stefan Noesen 1 0 1 0 0 6 5 0 0 0 0/2 19:18 4:14 0:00
Urho Vaakanainen 0 0 0 0 0 0 0 0 0 0 0/0 13:28 0:00 0:38
Viktor Lodin 0 0 0 0 0 1 0 0 1 0 1/2 6:17 0:00 0:00
3 Stars
1 - Fredrik Karlstrom (ESP)
2 - Stefan Noesen (ESP)
3 - Patric Hornqvist (ESP)
Power Play
Cape Breton Oilers - 1 on 4 Attempt(s) - 25.00%
Espoo Blues - 1 on 5 Attempt(s) - 20.00%
Penalty Kill
Cape Breton Oilers - 4 on 5 Attempt(s) - 80.00%
- Score 0 goal in Penalty Kill
Espoo Blues - 3 on 4 Attempt(s) - 75.00%
- Score 0 goal in Penalty Kill
Team Stat
Cape Breton Oilers - Hits : 26 - Faceoff Wins : 18 - Blocked Shots : 5 - Penalty Minutes : 15
Espoo Blues - Hits : 25 - Faceoff Wins : 31 - Blocked Shots : 4 - Penalty Minutes : 13
Official
Referees : Tom Kowal and Dave Jackson
Linesman : Vaughan Rody and Brian Mach
Game Notes
Brendan Lemieux beats up Leon Gawanke at 6:55 of 3rd period
Cape Breton Oilers
5 vs 5 Forward
Center Left Wing Right Wing Time % Phy DF OF
1 Alexandre Texier Carl Grundstrom Parker Kelly 30 1 2 2
2 Brandon Gignac Jonah Gadjovich Alexey Toropchenko 30 1 2 2
3 Kody Clark Will Cuylle Hudson Fasching 25 1 2 2
4 Alexandre Texier Max Jones Kody Clark 15 1 2 2
5 vs 5 Defense
Defense Defense Time % Phy DF OF
1 Marcus Pettersson Kevin Bahl 35 1 2 2
2 Vladislav Kolyachonok Philip Broberg 35 1 2 2
3 Dylan McIlrath Leon Gawanke 30 1 2 2
4 Kevin Bahl Marcus Pettersson 0 1 2 2
PowerPlay Forward
Center Left Wing Right Wing Time % Phy DF OF
1 Alexandre Texier Carl Grundstrom Parker Kelly 50 1 2 2
2 Brandon Gignac Jonah Gadjovich Alexey Toropchenko 50 1 2 2
PowerPlay Defense
Defense Defense Time % Phy DF OF
1 Marcus Pettersson Kevin Bahl 50 1 2 2
2 Vladislav Kolyachonok Philip Broberg 50 1 2 2
Penalty Kill 4 Players Forward
Center Wing Time % Phy DF OF
1 Alexandre Texier Parker Kelly 50 1 2 2
2 Carl Grundstrom Alexey Toropchenko 50 1 2 2
Penalty Kill 4 Players Defense
Defense Defense Time % Phy DF OF
1 Marcus Pettersson Kevin Bahl 50 1 2 2
2 Vladislav Kolyachonok Philip Broberg 50 1 2 2
Penalty Kill - 3 Players Forward
Forward Time % Phy DF OF
1 Alexandre Texier 50 1 2 2
2 Parker Kelly 50 1 2 2
Penalty Kill - 3 Players Defense
Defense Defense Time % Phy DF OF
1 Marcus Pettersson Kevin Bahl 50 1 2 2
2 Vladislav Kolyachonok Philip Broberg 50 1 2 2
4 vs 4 Forward
Center Wing Time % Phy DF OF
1 Alexandre Texier Parker Kelly 50 1 2 2
2 Carl Grundstrom Alexey Toropchenko 50 1 2 2
4 vs 4 Defense
Defense Defense Time % Phy DF OF
1 Marcus Pettersson Kevin Bahl 50 1 2 2
2 Vladislav Kolyachonok Philip Broberg 50 1 2 2
Last Minutes Offensive
Center Left Wing Right Wing Defense Defense
Alexandre Texier Carl Grundstrom Parker Kelly Marcus Pettersson Kevin Bahl
Last Minutes Defensive
Center Left Wing Right Wing Defense Defense
Alexandre Texier Carl Grundstrom Parker Kelly Marcus Pettersson Kevin Bahl
Goaltenders
Starting : Matthew Villalta
Backup : Jack LaFontaine
Extra Forwards
Normal : Luke Evangelista, Hudson Fasching, Will Cuylle - PP : Luke Evangelista, Hudson Fasching - PK : Will Cuylle
Extra Defensemen
Normal : Dylan McIlrath, Leon Gawanke, Kevin Bahl - PP : Dylan McIlrath - PK : Leon Gawanke, Marcus Pettersson
Penalty Shots
Alexandre Texier, Parker Kelly, Carl Grundstrom, Alexey Toropchenko, Brandon Gignac
Espoo Blues
5 vs 5 Forward
Center Left Wing Right Wing Time % Phy DF OF
1 Derick Brassard Joe Snively Logan O'Connor 37 1 1 2
2 Derek Grant Brendan Lemieux Stefan Noesen 36 1 2 2
3 Fredrik Karlstrom Anton Blidh Patric Hornqvist 22 1 2 2
4 Viktor Lodin Ridly Greig Stefan Noesen 5 1 2 2
5 vs 5 Defense
Defense Defense Time % Phy DF OF
1 Mattias Samuelsson Michael Stone 41 1 2 2
2 Chad Ruhwedel Cam York 32 1 2 2
3 Urho Vaakanainen Gavin Bayreuther 20 1 2 2
4 Mattias Samuelsson Cam York 7 1 2 2
PowerPlay Forward
Center Left Wing Right Wing Time % Phy DF OF
1 Derick Brassard Joe Snively Stefan Noesen 62 1 2 2
2 Derek Grant Brendan Lemieux Patric Hornqvist 38 1 2 2
PowerPlay Defense
Defense Defense Time % Phy DF OF
1 Mattias Samuelsson Michael Stone 60 1 2 2
2 Chad Ruhwedel Cam York 40 1 2 2
Penalty Kill 4 Players Forward
Center Wing Time % Phy DF OF
1 Derek Grant Logan O'Connor 60 1 2 2
2 Derick Brassard Mattias Janmark 40 1 2 2
Penalty Kill 4 Players Defense
Defense Defense Time % Phy DF OF
1 Mattias Samuelsson Michael Stone 60 1 2 2
2 Chad Ruhwedel Cam York 40 1 2 2
Penalty Kill - 3 Players Forward
Forward Time % Phy DF OF
1 Derek Grant 60 1 2 2
2 Derick Brassard 40 1 2 2
Penalty Kill - 3 Players Defense
Defense Defense Time % Phy DF OF
1 Mattias Samuelsson Michael Stone 60 1 2 2
2 Chad Ruhwedel Cam York 40 1 2 2
4 vs 4 Forward
Center Wing Time % Phy DF OF
1 Derek Grant Stefan Noesen 60 1 2 2
2 Derick Brassard Joe Snively 40 1 2 2
4 vs 4 Defense
Defense Defense Time % Phy DF OF
1 Mattias Samuelsson Michael Stone 60 1 2 2
2 Chad Ruhwedel Cam York 40 1 2 2
Last Minutes Offensive
Center Left Wing Right Wing Defense Defense
Derek Grant Joe Snively Stefan Noesen Mattias Samuelsson Michael Stone
Last Minutes Defensive
Center Left Wing Right Wing Defense Defense
Derek Grant Derick Brassard Logan O'Connor Mattias Samuelsson Michael Stone
Goaltenders
Starting : Stuart Skinner
Backup : Spencer Knight
Extra Forwards
Normal : Stefan Noesen, Joe Snively, Derick Brassard - PP : Stefan Noesen, Joe Snively - PK : Logan O'Connor
Extra Defensemen
Normal : Cam York, Mattias Samuelsson, Michael Stone - PP : Michael Stone - PK : Urho Vaakanainen, Gavin Bayreuther
Penalty Shots
Stefan Noesen, Patric Hornqvist, Joe Snively, Brendan Lemieux, Viktor Lodin
% Time on Ice - Cape Breton Oilers
Lines # - Real PCT - Wanted PCT - Time Play
Normal Forward
1 - 29% - 30% - 12:57
2 - 37% - 30% - 16:36
3 - 25% - 25% - 11:28
4 - 9% - 15% - 4:15
Normal Defense
1 - 35% - 35% - 15:38
2 - 35% - 35% - 15:42
3 - 31% - 30% - 13:56
4 - 0% - 0% - 0:00
PP Forward
1 - 47% - 50% - 3:07
2 - 53% - 50% - 3:28
PP Defense
1 - 53% - 50% - 3:31
2 - 47% - 50% - 3:04
PK Forward
1 - 51% - 50% - 4:10
2 - 49% - 50% - 3:59
PK Defense
1 - 50% - 50% - 4:04
2 - 50% - 50% - 4:05
PK3 Forward
1 - 0% - 50%
2 - 0% - 50%
PK3 Defense
1 - 0% - 50%
2 - 0% - 50%
44 Forward
1 - 0% - 50%
2 - 0% - 50%
44 Defense
1 - 0% - 50%
2 - 0% - 50%
Last Minute Offensive - 0:00
Last Minute Defensive - 0:00
Total
Forward - 60:00
Defense - 60:00
|
% Time on Ice - Espoo Blues
Lines # - Real PCT - Wanted PCT - Time Play
Normal Forward
1 - 30% - 37% - 13:41
2 - 34% - 36% - 15:28
3 - 22% - 22% - 9:50
4 - 14% - 5% - 6:17
Normal Defense
1 - 40% - 41% - 17:59
2 - 32% - 32% - 14:21
3 - 28% - 20% - 12:46
4 - 0% - 7% - 0:10
PP Forward
1 - 53% - 62% - 4:19
2 - 47% - 38% - 3:50
PP Defense
1 - 54% - 60% - 4:25
2 - 46% - 40% - 3:44
PK Forward
1 - 76% - 60% - 5:00
2 - 24% - 40% - 1:35
PK Defense
1 - 61% - 60% - 4:01
2 - 39% - 40% - 2:34
PK3 Forward
1 - 0% - 60%
2 - 0% - 40%
PK3 Defense
1 - 0% - 60%
2 - 0% - 40%
44 Forward
1 - 0% - 60%
2 - 0% - 40%
44 Defense
1 - 0% - 60%
2 - 0% - 40%
Last Minute Offensive - 0:00
Last Minute Defensive - 0:00
Total
Forward - 60:00
Defense - 60:00
|
Play-by-Play
1st period
0:01 of 1st period - Derick Brassard wins face-off versus Alexandre Texier in neutral zone.
0:27 of 1st period - Icing by Derek Grant.
0:28 of 1st period - Brandon Gignac wins face-off versus Derek Grant in Espoo Blues zone.
0:53 of 1st period - Icing by Philip Broberg.
0:54 of 1st period - Fredrik Karlstrom wins face-off versus Alexey Toropchenko in Cape Breton Oilers zone.
1:01 of 1st period - Vladislav Kolyachonok is hit by Fredrik Karlstrom and loses puck.
1:16 of 1st period - Minor Penalty to Jonah Gadjovich for Hooking.
1:17 of 1st period - Alexandre Texier wins face-off versus Derick Brassard in Cape Breton Oilers zone.
3:08 of 1st period - Vladislav Kolyachonok is hit by Chad Ruhwedel and loses puck.
3:16 of 1st period - Penalty to Jonah Gadjovich is over, Jonah Gadjovich is back on ice.
4:01 of 1st period - Alexandre Texier is hit by Gavin Bayreuther and loses puck.
5:11 of 1st period - Joe Snively is hit by Kody Clark and loses puck.
6:08 of 1st period - Marcus Pettersson is hit by Mattias Samuelsson and loses puck.
6:29 of 1st period - Ridly Greig is hit by Alexey Toropchenko and loses puck.
6:54 of 1st period - Brendan Lemieux is hit by Carl Grundstrom and loses puck.
7:34 of 1st period - Kevin Bahl is hit by Anton Blidh and loses puck.
8:07 of 1st period - Vladislav Kolyachonok is hit by Michael Stone and loses puck.
8:49 of 1st period - Kevin Bahl is hit by Derick Brassard and loses puck.
9:13 of 1st period - Kody Clark is hit by Stefan Noesen and loses puck.
9:50 of 1st period - Icing by Leon Gawanke.
9:51 of 1st period - Viktor Lodin wins face-off versus Brandon Gignac in Cape Breton Oilers zone.
9:54 of 1st period - Snap shot by Anton Blidh.
9:54 of 1st period - Stopped by Matthew Villalta with a rebound.
9:56 of 1st period - Snap shot by Viktor Lodin.
9:56 of 1st period - Shot Misses the Net.
9:58 of 1st period - Snap shot by Viktor Lodin.
9:58 of 1st period - Shot Misses the Net.
10:00 of 1st period - Slapshot by Mattias Samuelsson.
10:00 of 1st period - Shot Blocked by Dylan McIlrath.
10:20 of 1st period - Derick Brassard is hit by Jonah Gadjovich and loses puck.
10:41 of 1st period - Joe Snively is hit by Jonah Gadjovich.
10:49 of 1st period - Derick Brassard is hit by Jonah Gadjovich.
10:59 of 1st period - Wrist shot by Derick Brassard.
10:59 of 1st period - Deflect By Joe Snively.
10:59 of 1st period - Shot Blocked by Jonah Gadjovich.
10:59 of 1st period - Puck is out of play.
11:00 of 1st period - Derek Grant wins face-off versus Alexandre Texier in Cape Breton Oilers zone.
11:03 of 1st period - Wrist shot by Stefan Noesen.
11:03 of 1st period - Stopped by Matthew Villalta with a rebound.
11:08 of 1st period - Off-side.
11:09 of 1st period - Derek Grant wins face-off versus Alexandre Texier in neutral zone.
11:09 of 1st period - Stefan Noesen is hit by Carl Grundstrom and loses puck.
11:14 of 1st period - Snap shot by Alexandre Texier.
11:14 of 1st period - Stopped by Stuart Skinner without a rebound.
11:15 of 1st period - Derek Grant wins face-off versus Kody Clark in Espoo Blues zone.
11:29 of 1st period - Minor Penalty to Brendan Lemieux for Roughing.
11:30 of 1st period - Derek Grant wins face-off versus Alexandre Texier in Espoo Blues zone.
11:46 of 1st period - Wrist shot by Carl Grundstrom.
11:46 of 1st period - Shot Misses the Net.
13:01 of 1st period - Icing by Brandon Gignac.
13:02 of 1st period - Alexandre Texier wins face-off versus Mattias Janmark in Cape Breton Oilers zone.
13:29 of 1st period - Penalty to Brendan Lemieux is over, Brendan Lemieux is back on ice.
13:39 of 1st period - Snap shot by Anton Blidh.
13:39 of 1st period - Goal by Anton Blidh - Cape Breton Oilers : 0 - Espoo Blues : 1.
13:40 of 1st period - Derek Grant wins face-off versus Alexandre Texier in neutral zone.
13:47 of 1st period - Slapshot by Derek Grant.
13:47 of 1st period - Stopped by Matthew Villalta with a rebound.
13:49 of 1st period - Wrist shot by Cam York.
13:49 of 1st period - Stopped by Matthew Villalta with a rebound.
13:51 of 1st period - Slapshot by Stefan Noesen.
13:51 of 1st period - Shot Blocked by Parker Kelly.
13:53 of 1st period - Snap shot by Stefan Noesen.
13:53 of 1st period - Deflect By Derek Grant.
13:53 of 1st period - Shot Misses the Net.
13:53 of 1st period - Puck is out of play.
13:54 of 1st period - Kody Clark wins face-off versus Derick Brassard in Cape Breton Oilers zone.
14:09 of 1st period - Snap shot by Kody Clark.
14:09 of 1st period - Stopped by Stuart Skinner with a rebound.
14:21 of 1st period - Vladislav Kolyachonok is hit by Stefan Noesen and loses puck.
14:25 of 1st period - Minor Penalty to Parker Kelly for Tripping.
14:26 of 1st period - Derick Brassard wins face-off versus Alexandre Texier in Cape Breton Oilers zone.
14:27 of 1st period - Snap shot by Stefan Noesen.
14:27 of 1st period - Shot Misses the Net.
14:29 of 1st period - Slapshot by Michael Stone.
14:29 of 1st period - Deflect By Alexandre Texier.
14:29 of 1st period - Stopped by Matthew Villalta with a rebound.
14:31 of 1st period - Slapshot by Michael Stone.
14:31 of 1st period - Shot Misses the Net.
14:33 of 1st period - Snap shot by Michael Stone.
14:33 of 1st period - Stopped by Matthew Villalta with a rebound.
14:35 of 1st period - Wrist shot by Joe Snively.
14:35 of 1st period - Shot Blocked by Marcus Pettersson.
15:30 of 1st period - Alexey Toropchenko is hit by Stefan Noesen and loses puck.
16:25 of 1st period - Penalty to Parker Kelly is over, Parker Kelly is back on ice.
16:47 of 1st period - Minor Penalty to Anton Blidh for Roughing.
16:48 of 1st period - Brandon Gignac wins face-off versus Derek Grant in Espoo Blues zone.
16:56 of 1st period - Slapshot by Philip Broberg.
16:56 of 1st period - Shot Misses the Net.
17:22 of 1st period - Wrist shot by Mattias Janmark.
17:22 of 1st period - Stopped by Matthew Villalta with a rebound.
17:24 of 1st period - Wrist shot by Michael Stone.
17:24 of 1st period - Deflect By Parker Kelly.
17:24 of 1st period - Stopped by Matthew Villalta with a rebound.
18:29 of 1st period - Derick Brassard is hit by Parker Kelly and loses puck.
18:47 of 1st period - Penalty to Anton Blidh is over, Anton Blidh is back on ice.
18:58 of 1st period - Slapshot by Viktor Lodin.
18:58 of 1st period - Stopped by Matthew Villalta with a rebound.
19:00 of 1st period - Slapshot by Gavin Bayreuther.
19:00 of 1st period - Shot Misses the Net.
19:02 of 1st period - Slapshot by Gavin Bayreuther.
19:02 of 1st period - Shot Misses the Net.
19:18 of 1st period - Minor Penalty to Gavin Bayreuther for High sticking.
19:19 of 1st period - Brandon Gignac wins face-off versus Derek Grant in Espoo Blues zone.
Goals for this period are 0 for Cape Breton Oilers vs 1 for Espoo Blues.
Shots for this period are 2 for Cape Breton Oilers vs 10 for Espoo Blues.
2nd period
0:01 of 2nd period - Brandon Gignac wins face-off versus Derek Grant in neutral zone.
0:25 of 2nd period - Mattias Janmark is hit by Parker Kelly.
1:03 of 2nd period - Chad Ruhwedel is hit by Jonah Gadjovich and loses puck.
1:15 of 2nd period - Icing by Parker Kelly.
1:16 of 2nd period - Derek Grant wins face-off versus Alexandre Texier in Cape Breton Oilers zone.
1:18 of 2nd period - Penalty to Gavin Bayreuther is over, Gavin Bayreuther is back on ice.
1:30 of 2nd period - Minor Penalty to Michael Stone for Roughing.
1:31 of 2nd period - Brandon Gignac wins face-off versus Derek Grant in Espoo Blues zone.
1:35 of 2nd period - Snap shot by Brandon Gignac.
1:35 of 2nd period - Shot Misses the Net.
1:37 of 2nd period - Slapshot by Marcus Pettersson.
1:37 of 2nd period - Deflect By Brandon Gignac.
1:37 of 2nd period - Shot Misses the Net.
1:37 of 2nd period - Puck is out of play.
1:38 of 2nd period - Derek Grant wins face-off versus Brandon Gignac in Espoo Blues zone.
2:04 of 2nd period - Urho Vaakanainen is hit by Carl Grundstrom.
2:08 of 2nd period - Slapshot by Alexandre Texier.
2:08 of 2nd period - Goal by Alexandre Texier - Cape Breton Oilers : 1 - Espoo Blues : 1.
2:09 of 2nd period - Derek Grant wins face-off versus Alexandre Texier in neutral zone.
2:12 of 2nd period - Parker Kelly is hit by Derek Grant and loses puck.
2:57 of 2nd period - Slapshot by Patric Hornqvist.
2:57 of 2nd period - Stopped by Matthew Villalta with a rebound.
3:17 of 2nd period - Alexandre Texier is hit by Stefan Noesen and loses puck.
3:36 of 2nd period - Joe Snively is hit by Kevin Bahl and loses puck.
3:53 of 2nd period - Slapshot by Stefan Noesen.
3:53 of 2nd period - Stopped by Matthew Villalta without a rebound.
3:54 of 2nd period - Kody Clark wins face-off versus Viktor Lodin in Cape Breton Oilers zone.
4:47 of 2nd period - Off-side.
4:48 of 2nd period - Derek Grant wins face-off versus Kody Clark in neutral zone.
5:18 of 2nd period - Slapshot by Philip Broberg.
5:18 of 2nd period - Stopped by Stuart Skinner without a rebound.
5:19 of 2nd period - Derick Brassard wins face-off versus Alexandre Texier in Espoo Blues zone.
5:32 of 2nd period - Snap shot by Philip Broberg.
5:32 of 2nd period - Stopped by Stuart Skinner with a rebound.
5:34 of 2nd period - Snap shot by Carl Grundstrom.
5:34 of 2nd period - Shot Misses the Net.
6:07 of 2nd period - Kevin Bahl is hit by Fredrik Karlstrom and loses puck.
6:30 of 2nd period - Dylan McIlrath is hit by Anton Blidh.
6:56 of 2nd period - Urho Vaakanainen is hit by Brandon Gignac and loses puck.
7:53 of 2nd period - Slapshot by Michael Stone.
7:53 of 2nd period - Stopped by Matthew Villalta with a rebound.
7:55 of 2nd period - Slapshot by Michael Stone.
7:55 of 2nd period - Shot Misses the Net.
7:57 of 2nd period - Slapshot by Mattias Samuelsson.
7:57 of 2nd period - Deflect By Kevin Bahl.
7:57 of 2nd period - Stopped by Matthew Villalta with a rebound.
8:15 of 2nd period - Wrist shot by Alexey Toropchenko.
8:15 of 2nd period - Shot Misses the Net.
8:31 of 2nd period - Jonah Gadjovich is hit by Derick Brassard and loses puck.
9:52 of 2nd period - Cam York is hit by Kody Clark and loses puck.
10:57 of 2nd period - Snap shot by Noel Acciari.
10:57 of 2nd period - Stopped by Stuart Skinner without a rebound.
10:58 of 2nd period - Anton Blidh wins face-off versus Noel Acciari in Espoo Blues zone.
11:17 of 2nd period - Brandon Gignac is hit by Cam York and loses puck.
11:51 of 2nd period - Snap shot by Hudson Fasching.
11:51 of 2nd period - Stopped by Stuart Skinner with a rebound.
12:01 of 2nd period - Logan O'Connor is hit by Carl Grundstrom and loses puck.
12:25 of 2nd period - Icing by Ridly Greig.
12:26 of 2nd period - Derek Grant wins face-off versus Kody Clark in Espoo Blues zone.
12:54 of 2nd period - Slapshot by Mattias Samuelsson.
12:54 of 2nd period - Deflect By Leon Gawanke.
12:54 of 2nd period - Stopped by Matthew Villalta without a rebound.
12:55 of 2nd period - Brandon Gignac wins face-off versus Derick Brassard in Cape Breton Oilers zone.
13:13 of 2nd period - Minor Penalty to Philip Broberg for Tripping.
13:14 of 2nd period - Derick Brassard wins face-off versus Carl Grundstrom in Cape Breton Oilers zone.
13:28 of 2nd period - Slapshot by Stefan Noesen.
13:28 of 2nd period - Deflect By Derick Brassard.
13:28 of 2nd period - Stopped by Matthew Villalta with a rebound.
13:30 of 2nd period - Slapshot by Mattias Samuelsson.
13:30 of 2nd period - Shot Misses the Net.
13:40 of 2nd period - Michael Stone is hit by Leon Gawanke and loses puck.
13:47 of 2nd period - Wrist shot by Patric Hornqvist.
13:47 of 2nd period - Shot Blocked by Leon Gawanke.
15:13 of 2nd period - Penalty to Philip Broberg is over, Philip Broberg is back on ice.
15:16 of 2nd period - Marcus Pettersson is hit by Mattias Janmark and loses puck.
15:21 of 2nd period - Backhand shot by Logan O'Connor.
15:21 of 2nd period - Stopped by Matthew Villalta with a rebound.
15:54 of 2nd period - Logan O'Connor is hit by Kody Clark and loses puck.
16:25 of 2nd period - Cam York is hit by Philip Broberg.
16:37 of 2nd period - Derek Grant is hit by Dylan McIlrath and loses puck.
17:22 of 2nd period - Icing by Michael Stone.
17:23 of 2nd period - Alexandre Texier wins face-off versus Derek Grant in Espoo Blues zone.
17:24 of 2nd period - Slapshot by Carl Grundstrom.
17:24 of 2nd period - Stopped by Stuart Skinner without a rebound.
17:25 of 2nd period - Alexandre Texier wins face-off versus Derick Brassard in Espoo Blues zone.
17:26 of 2nd period - Snap shot by Carl Grundstrom.
17:26 of 2nd period - Stopped by Stuart Skinner with a rebound.
17:55 of 2nd period - Jonah Gadjovich is hit by Cam York and loses puck.
18:10 of 2nd period - Patric Hornqvist is hit by Hudson Fasching and loses puck.
18:19 of 2nd period - Snap shot by Hudson Fasching.
18:19 of 2nd period - Shot Misses the Net.
19:09 of 2nd period - Michael Stone is hit by Hudson Fasching.
19:27 of 2nd period - Snap shot by Stefan Noesen.
19:27 of 2nd period - Deflect By Viktor Lodin.
19:27 of 2nd period - Shot Misses the Net.
19:27 of 2nd period - Puck is out of play.
19:28 of 2nd period - Brandon Gignac wins face-off versus Stefan Noesen in Cape Breton Oilers zone.
19:35 of 2nd period - Wrist shot by Stefan Noesen.
19:35 of 2nd period - Stopped by Matthew Villalta without a rebound.
19:36 of 2nd period - Derek Grant wins face-off versus Alexandre Texier in Cape Breton Oilers zone.
19:37 of 2nd period - Snap shot by Stefan Noesen.
19:37 of 2nd period - Stopped by Matthew Villalta with a rebound.
19:39 of 2nd period - Slapshot by Mattias Samuelsson.
19:39 of 2nd period - Shot Misses the Net.
19:41 of 2nd period - Wrist shot by Stefan Noesen.
19:41 of 2nd period - Stopped by Matthew Villalta with a rebound.
19:43 of 2nd period - Slapshot by Mattias Samuelsson.
19:43 of 2nd period - Shot Misses the Net.
19:45 of 2nd period - Snap shot by Michael Stone.
19:45 of 2nd period - Stopped by Matthew Villalta with a rebound.
19:47 of 2nd period - Slapshot by Brendan Lemieux.
19:47 of 2nd period - Stopped by Matthew Villalta with a rebound.
19:49 of 2nd period - Snap shot by Derek Grant.
19:49 of 2nd period - Shot Misses the Net.
19:51 of 2nd period - Wrist shot by Derek Grant.
19:51 of 2nd period - Shot Misses the Net.
Goals for this period are 1 for Cape Breton Oilers vs 0 for Espoo Blues.
Shots for this period are 7 for Cape Breton Oilers vs 12 for Espoo Blues.
3rd period
0:01 of 3rd period - Derek Grant wins face-off versus Alexandre Texier in neutral zone.
0:35 of 3rd period - Snap shot by Alexey Toropchenko.
0:35 of 3rd period - Deflect By Jonah Gadjovich.
0:35 of 3rd period - Shot Misses the Net.
0:35 of 3rd period - Puck is out of play.
0:36 of 3rd period - Fredrik Karlstrom wins face-off versus Alexandre Texier in Espoo Blues zone.
0:41 of 3rd period - Slapshot by Chad Ruhwedel.
0:41 of 3rd period - Deflect By Fredrik Karlstrom.
0:41 of 3rd period - Shot Misses the Net.
0:41 of 3rd period - Puck is out of play.
0:42 of 3rd period - Fredrik Karlstrom wins face-off versus Max Jones in Cape Breton Oilers zone.
0:53 of 3rd period - Backhand shot by Marcus Pettersson.
0:53 of 3rd period - Shot Misses the Net.
1:19 of 3rd period - Wrist shot by Marcus Pettersson.
1:19 of 3rd period - Stopped by Stuart Skinner without a rebound.
1:20 of 3rd period - Derek Grant wins face-off versus Brandon Gignac in Espoo Blues zone.
2:14 of 3rd period - Snap shot by Brandon Gignac.
2:14 of 3rd period - Shot Blocked by Fredrik Karlstrom.
3:00 of 3rd period - Icing by Viktor Lodin.
3:01 of 3rd period - Alexandre Texier wins face-off versus Derick Brassard in Espoo Blues zone.
3:02 of 3rd period - Wrist shot by Carl Grundstrom.
3:02 of 3rd period - Stopped by Stuart Skinner with a rebound.
3:04 of 3rd period - Snap shot by Alexandre Texier.
3:04 of 3rd period - Stopped by Stuart Skinner with a rebound.
3:06 of 3rd period - Slapshot by Carl Grundstrom.
3:06 of 3rd period - Shot Misses the Net.
3:08 of 3rd period - Snap shot by Carl Grundstrom.
3:08 of 3rd period - Shot Blocked by Chad Ruhwedel.
3:26 of 3rd period - Wrist shot by Hudson Fasching.
3:26 of 3rd period - Stopped by Stuart Skinner with a rebound.
3:28 of 3rd period - Slapshot by Philip Broberg.
3:28 of 3rd period - Shot Blocked by Cam York.
3:48 of 3rd period - Off-side.
3:49 of 3rd period - Fredrik Karlstrom wins face-off versus Carl Grundstrom in neutral zone.
3:54 of 3rd period - Slapshot by Mattias Samuelsson.
3:54 of 3rd period - Stopped by Matthew Villalta with a rebound.
3:59 of 3rd period - Minor Penalty to Parker Kelly for Interference.
4:00 of 3rd period - Derick Brassard wins face-off versus Carl Grundstrom in Cape Breton Oilers zone.
4:12 of 3rd period - Snap shot by Stefan Noesen.
4:12 of 3rd period - Goal by Stefan Noesen - Cape Breton Oilers : 1 - Espoo Blues : 2.
4:13 of 3rd period - Derek Grant wins face-off versus Alexandre Texier in neutral zone.
4:26 of 3rd period - Wrist shot by Alexandre Texier.
4:26 of 3rd period - Shot Misses the Net.
4:28 of 3rd period - Wrist shot by Alexandre Texier.
4:28 of 3rd period - Deflect By Stefan Noesen.
4:28 of 3rd period - Stopped by Stuart Skinner with a rebound.
4:59 of 3rd period - Wrist shot by Hudson Fasching.
4:59 of 3rd period - Stopped by Stuart Skinner without a rebound.
5:00 of 3rd period - Derek Grant wins face-off versus Kody Clark in Espoo Blues zone.
5:28 of 3rd period - Wrist shot by Carl Grundstrom.
5:28 of 3rd period - Stopped by Stuart Skinner with a rebound.
5:30 of 3rd period - Snap shot by Alexandre Texier.
5:30 of 3rd period - Shot Misses the Net.
5:32 of 3rd period - Wrist shot by Philip Broberg.
5:32 of 3rd period - Stopped by Stuart Skinner with a rebound.
5:54 of 3rd period - Snap shot by Joe Snively.
5:54 of 3rd period - Stopped by Matthew Villalta without a rebound.
5:55 of 3rd period - Brandon Gignac wins face-off versus Derick Brassard in Cape Breton Oilers zone.
5:55 of 3rd period - Jonah Gadjovich is hit by Joe Snively and loses puck.
6:11 of 3rd period - Icing by Mattias Samuelsson.
6:12 of 3rd period - Derick Brassard wins face-off versus Alexandre Texier in Espoo Blues zone.
6:55 of 3rd period - Brendan Lemieux beats up Leon Gawanke.
6:55 of 3rd period - Penalty to Brendan Lemieux for Fighting.
6:55 of 3rd period - Penalty to Leon Gawanke for Fighting.
6:56 of 3rd period - Derek Grant wins face-off versus Alexandre Texier in Cape Breton Oilers zone.
6:57 of 3rd period - Wrist shot by Stefan Noesen.
6:57 of 3rd period - Shot Hit the Post.
7:21 of 3rd period - Kevin Bahl is hit by Fredrik Karlstrom and loses puck.
7:26 of 3rd period - Wrist shot by Cam York.
7:26 of 3rd period - Shot Misses the Net.
7:28 of 3rd period - Wrist shot by Fredrik Karlstrom.
7:28 of 3rd period - Stopped by Matthew Villalta with a rebound.
7:30 of 3rd period - Snap shot by Fredrik Karlstrom.
7:30 of 3rd period - Deflect By Kevin Bahl.
7:30 of 3rd period - Goal by Fredrik Karlstrom - Cape Breton Oilers : 1 - Espoo Blues : 3.
7:31 of 3rd period - Alexandre Texier wins face-off versus Derek Grant in neutral zone.
7:34 of 3rd period - Stefan Noesen is hit by Max Jones.
7:42 of 3rd period - Alexandre Texier is hit by Stefan Noesen.
7:57 of 3rd period - Michael Stone is hit by Dylan McIlrath and loses puck.
8:54 of 3rd period - Slapshot by Kevin Bahl.
8:54 of 3rd period - Shot Misses the Net.
8:56 of 3rd period - Snap shot by Brandon Gignac.
8:56 of 3rd period - Shot Misses the Net.
8:59 of 3rd period - Icing by Patric Hornqvist.
9:00 of 3rd period - Brandon Gignac wins face-off versus Anton Blidh in Espoo Blues zone.
9:10 of 3rd period - Minor Penalty to Jonah Gadjovich for High sticking.
9:11 of 3rd period - Derick Brassard wins face-off versus Carl Grundstrom in Cape Breton Oilers zone.
9:26 of 3rd period - Mattias Samuelsson is hit by Alexey Toropchenko and loses puck.
11:00 of 3rd period - Philip Broberg is hit by Logan O'Connor and loses puck.
11:05 of 3rd period - Wrist shot by Logan O'Connor.
11:05 of 3rd period - Shot Misses the Net.
11:07 of 3rd period - Wrist shot by Fredrik Karlstrom.
11:07 of 3rd period - Shot Misses the Net.
11:09 of 3rd period - Slapshot by Cam York.
11:09 of 3rd period - Shot Misses the Net.
11:10 of 3rd period - Penalty to Jonah Gadjovich is over, Jonah Gadjovich is back on ice.
11:11 of 3rd period - Slapshot by Cam York.
11:11 of 3rd period - Stopped by Matthew Villalta with a rebound.
11:23 of 3rd period - Ridly Greig is hit by Philip Broberg and loses puck.
12:08 of 3rd period - Hudson Fasching is hit by Logan O'Connor and loses puck.
13:00 of 3rd period - Joe Snively is hit by Brandon Gignac.
17:32 of 3rd period - Jonah Gadjovich is hit by Mattias Samuelsson.
18:31 of 3rd period - Icing by Kevin Bahl.
18:32 of 3rd period - Brandon Gignac wins face-off versus Stefan Noesen in Cape Breton Oilers zone.
19:07 of 3rd period - Slapshot by Hudson Fasching.
19:07 of 3rd period - Stopped by Stuart Skinner without a rebound.
19:08 of 3rd period - Derick Brassard wins face-off versus Kody Clark in Espoo Blues zone.
19:17 of 3rd period - Snap shot by Hudson Fasching.
19:17 of 3rd period - Shot Misses the Net.
19:19 of 3rd period - Slapshot by Philip Broberg.
19:19 of 3rd period - Shot Blocked by Gavin Bayreuther.
19:21 of 3rd period - Backhand shot by Kody Clark.
19:21 of 3rd period - Stopped by Stuart Skinner with a rebound.
19:23 of 3rd period - Wrist shot by Kody Clark.
19:23 of 3rd period - Shot Misses the Net.
19:25 of 3rd period - Backhand shot by Philip Broberg.
19:25 of 3rd period - Shot Misses the Net.
19:27 of 3rd period - Slapshot by Vladislav Kolyachonok.
19:27 of 3rd period - Deflect By Hudson Fasching.
19:27 of 3rd period - Shot Misses the Net.
19:27 of 3rd period - Puck is out of play.
19:28 of 3rd period - Derick Brassard wins face-off versus Brandon Gignac in Espoo Blues zone.
19:37 of 3rd period - Leon Gawanke is hit by Derick Brassard and loses puck.
Goals for this period are 0 for Cape Breton Oilers vs 2 for Espoo Blues.
Shots for this period are 10 for Cape Breton Oilers vs 6 for Espoo Blues.
Back to the Top